[Event "Titled Tuesday Blitz May 10 Early 2022"]
[White "Stribuk, Artiom"]
[Black "Xiong, Jeffery"]
[WhiteFideId "13515659"]
[BlackFideId "2047640"]
[WhiteElo "2259"]
[BlackElo "2727"]
[Result "0-1"]
[Round "03"]
[TimeControl "180+1"]
[Date "2022.05.10"]
[WhiteClock "0:00:05"]
[BlackClock "0:00:20"]

1. d4 g6 2. Nf3 Bg7 3. g3 d6 4. Bg2 Nf6 5. O-O O-O 6. c4 c6 7. Nc3 Bf5 8. Re1 e5 9. e4 Bg4 10. Be3 exd4 11. Bxd4 Nbd7 12. h3 Bxf3 13. Bxf3 Re8 14. Bg2 Qa5 15. Qc2 Rad8 16. Rad1 Nf8 17. a3 Ne6 18. Be3 Qc7 19. b4 Nd7 20. Qb3 h5 21. Rc1 h4 22. g4 g5 23. Ne2 Be5 24. Red1 Ndf8 25. Nd4 Nxd4 26. Rxd4 Ne6 27. Rd3 Qe7 28. Rcd1 Qf6 29. Qc2 Ra8 30. c5 dxc5 31. bxc5 Rad8 32. Rd7 Rxd7 33. Rxd7 Re7 34. Qd2 Bf4 35. e5 Rxd7 36. Qxd7 Qxe5 37. Qxb7 Bxe3 38. fxe3 Qxe3+ 39. Kh2 Qe5+ 40. Kh1 Qe1+ 41. Kh2 Qg3+ 42. Kh1 Qxa3 43. Qxc6 Qc1+ 44. Kh2 Qxc5 45. Qe4 a5 46. Qa4 Nf4 47. Qa2 Qc3 48. Kh1 Qe1+ 49. Kh2 Qg3+ 50. Kh1 Qxg2+ 0-1


[Site "https://www.chess.com"]

[Event "Titled Tuesday Blitz May 10 Early 2022"]
[White "Suder, Jakub"]
[Black "Dorokhin, Mykhailo"]
[WhiteFideId "1195310"]
[BlackFideId "14114178"]
[WhiteElo "2058"]
[BlackElo "2280"]
[Result "1-0"]
[Round "03"]
[TimeControl "180+1"]
[Date "2022.05.11"]
[WhiteClock "0:00:50"]
[BlackClock "0:01:23"]

1. d4 d5 2. c4 e6 3. Nc3 Nf6 4. cxd5 exd5 5. Bg5 c6 6. e3 Bf5 7. Qf3 Bg6 8. Bxf6 Qxf6 9. Qxf6 gxf6 10. Nf3 a5 11. Nh4 Be7 12. f4 f5 13. Nf3 a4 14. Rc1 a3 15. b3 Na6 16. Bd3 Nb4 17. Bb1 Kd7 18. Kf2 Ke6 19. Ne2 Bh5 20. Ng3 Bxf3 21. Kxf3 h5 22. Bxf5+ Kf6 23. Bb1 h4 24. Ne2 Rag8 25. Rcg1 c5 26. dxc5 Bxc5 27. Rc1 Rc8 28. Rhe1 Rc6 29. Nc3 Re8 30. Nb5 Rxe3+ 31. Rxe3 Bxe3 32. Rxc6+ bxc6 33. Kxe3 cxb5 34. Kd4 Ke6 35. Kc5 Na6+ 36. Kxb5 Nc7+ 37. Kb4 d4 38. Kxa3 Kd5 39. Kb4 Ne6 40. g3 hxg3 41. hxg3 Nc5 42. a4 Ne4 43. a5 Nxg3 44. Kb5 Ne4 45. Bxe4+ Kxe4 46. a6 d3 47. a7 d2 48. a8=Q+ Kxf4 49. Qd5 Ke3 50. Kc4 f5 51. Kc3 1-0


[Site "https://www.chess.com"]

[Event "Titled Tuesday Blitz May 10 Early 2022"]
[White "Suleymanli, Aydin"]
[Black "Hua, Lefong"]
[WhiteFideId "13413937"]
[BlackFideId "2602253"]
[WhiteElo "2481"]
[BlackElo "2605"]
[Result "1/2-1/2"]
[Round "03"]
[TimeControl "180+1"]
[Date "2022.05.10"]
[WhiteClock "0:00:07"]
[BlackClock "0:00:09"]

1. e4 c5 2. Nf3 g6 3. h4 Nf6 4. e5 Ng4 5. d4 cxd4 6. Qxd4 h5 7. e6 f6 8. Bd3 Rg8 9. exd7+ Bxd7 10. Qc4 e6 11. O-O Nc6 12. Re1 Kf7 13. Nc3 Rc8 14. Qf4 Bh6 15. Ng5+ Kg7 16. Qd6 fxg5 17. hxg5 Bxg5 18. Bxg5 Qxg5 19. Qxd7+ Kh8 20. Qd6 Rcd8 21. Qg3 Qf6 22. Ne4 Qxb2 23. Rab1 Qe5 24. Rxb7 Qxg3 25. Nxg3 e5 26. Be4 Nd4 27. Rxa7 Nf5 28. Nxf5 gxf5 29. Bxf5 Nf6 30. Rf7 Rgf8 31. Rxf8+ Rxf8 32. Rxe5 Ra8 33. Be6 Kg7 34. Bb3 Kg6 35. f3 Rd8 36. Kf2 Rd2+ 37. Re2 Rd1 38. Re1 Rd2+ 39. Kf1 h4 40. Re2 Rd1+ 41. Kf2 Nh5 42. c4 Rc1 43. Bc2+ Kg5 44. Re5+ Kh6 45. Bd3 Nf4 46. Bf1 Rc2+ 47. Ke3 Nxg2+ 48. Bxg2 Rxg2 49. Re8 Rxa2 50. Rh8+ Kg5 51. Kd4 Rf2 52. Ke3 Rc2 53. f4+ Kg4 54. Rg8+ Kh3 55. Kd3 Rf2 56. Rf8 Kg3 57. c5 h3 58. c6 h2 59. Rg8+ Kxf4 60. Rh8 Kg3 61. c7 Rf3+ 62. Kd4 Rf4+ 63. Kd5 Rf5+ 64. Kd6 Rf6+ 65. Kd5 Rf5+ 66. Kd4 Rf4+ 67. Kd3 Rf3+ 68. Kd2 Rf2+ 69. Kc3 Rf3+ 70. Kb2 Rf2+ 71. Kb3 Rf3+ 72. Kb4 Rf4+ 73. Kc3 Rf3+ 74. Kd4 Rf4+ 1/2-1/2


[Site "https://www.chess.com"]

[Event "Titled Tuesday Blitz May 10 Early 2022"]
[White "Sychev, Klementy"]
[Black "Aldokhin, Ivan"]
[WhiteFideId "4114060"]
[BlackFideId "24115720"]
[WhiteElo "2564"]
[BlackElo "2231"]
[Result "1-0"]
[Round "03"]
[TimeControl "180+1"]
[Date "2022.05.10"]
[WhiteClock "0:00:30"]
[BlackClock "0:00:05"]

1. e4 c5 2. g3 d5 3. exd5 Qxd5 4. Nf3 Nc6 5. Nc3 Qd8 6. Bg2 Nf6 7. O-O Bg4 8. h3 Bh5 9. g4 Bg6 10. Nh4 e6 11. d3 Be7 12. Be3 Nd5 13. Nxd5 Bxh4 14. Nc3 Be7 15. f4 Qd7 16. Ne4 Bxe4 17. Bxe4 O-O 18. f5 exf5 19. Rxf5 Nd4 20. Rd5 Qc7 21. Kg2 Rad8 22. Rxd8 Rxd8 23. c3 Ne6 24. Qf3 Bg5 25. Rf1 Bxe3 26. Qxe3 g5 27. Rf5 h6 28. h4 Kg7 29. Kf1 f6 30. Rd5 Rxd5 31. Bxd5 Nf4 32. Bb3 Qd7 33. Bc4 b5 34. hxg5 hxg5 35. Bb3 Qxd3+ 36. Kf2 Qxe3+ 37. Kxe3 c4 38. Bc2 Kf7 39. Bf5 Ke7 40. Kd4 Kd6 41. a4 a6 42. a5 Ne2+ 43. Ke3 Nc1 44. Bc8 Nb3 45. Ke4 Nxa5 46. Bxa6 Kc5 47. Kf5 b4 48. Kxf6 bxc3 49. bxc3 Nc6 50. Kxg5 Ne5 51. Kf5 Nd7 52. g5 Kd5 53. g6 Nc5 54. g7 1-0


[Site "https://www.chess.com"]

[Event "Titled Tuesday Blitz May 10 Early 2022"]
[White "Taichman, Ori"]
[Black "Cabarkapa, Novak"]
[WhiteFideId "2804069"]
[BlackFideId "943746"]
[WhiteElo "2227"]
[BlackElo "2454"]
[Result "1-0"]
[Round "03"]
[TimeControl "180+1"]
[Date "2022.05.11"]
[WhiteClock "0:00:24"]
[BlackClock "0:00:09"]

1. e4 d5 2. exd5 Qxd5 3. Nc3 Qd6 4. d4 Nf6 5. Nf3 g6 6. Ne5 Bg7 7. Bf4 Nd5 8. Ne4 Qb4+ 9. c3 Qxb2 10. Nc4 Qxa1 11. Qxa1 Nxf4 12. g3 Nd5 13. Ne3 Nxe3 14. fxe3 O-O 15. Bg2 c6 16. O-O Nd7 17. Qb2 Nb6 18. Nc5 e5 19. a4 Rb8 20. Qb3 Nd7 21. Ne4 Nb6 22. Ng5 Bf5 23. g4 Bh6 24. Nxf7 Bxe3+ 25. Kh1 Rxf7 26. gxf5 Kg7 27. dxe5 Rxf5 28. Rxf5 gxf5 29. a5 Nd7 30. Qe6 Nf8 31. Qf6+ Kg8 32. e6 Ng6 33. Qf7+ Kh8 34. e7 Nxe7 35. Qxe7 Bh6 36. Qe5+ Kg8 37. Qxb8+ 1-0


[Site "https://www.chess.com"]

[Event "Titled Tuesday Blitz May 10 Early 2022"]
[White "Tania, Sachdev"]
[Black "Avazkhonov, Alikhon"]
[WhiteFideId "5007844"]
[BlackFideId "14208504"]
[WhiteElo "2280"]
[BlackElo "1739"]
[Result "1-0"]
[Round "03"]
[TimeControl "180+1"]
[Date "2022.05.11"]
[WhiteClock "0:00:17"]
[BlackClock "0:00:19"]

1. d4 d5 2. c4 e6 3. Nf3 c6 4. Nc3 dxc4 5. g3 b5 6. Bg2 Bb7 7. Qc2 h6 8. O-O Nf6 9. e4 Nbd7 10. e5 Nd5 11. Ne4 Be7 12. b3 cxb3 13. Qxb3 O-O 14. Ba3 Bxa3 15. Qxa3 N7b6 16. Nd6 Qd7 17. Rfc1 a5 18. Nd2 a4 19. N2e4 b4 20. Qf3 Ba6 21. Nc5 Qe7 22. Nxa6 Rxa6 23. Rxc6 Rfa8 24. Bf1 Ra5 25. Rb1 a3 26. Rc5 Rxc5 27. dxc5 Na4 28. Rxb4 Nxc5 29. Rb5 Na4 30. Rb7 Qxb7 31. Nxb7 Nac3 32. Bc4 Rb8 33. Bxd5 Nxd5 34. Qxa3 1-0


[Site "https://www.chess.com"]

[Event "Titled Tuesday Blitz May 10 Early 2022"]
[White "Toncheva, Nadya"]
[Black "Piesik, Piotr"]
[WhiteFideId "2924056"]
[BlackFideId "1136194"]
[WhiteElo "1888"]
[BlackElo "2190"]
[Result "0-1"]
[Round "03"]
[TimeControl "180+1"]
[Date "2022.05.11"]
[WhiteClock "0:00:01"]
[BlackClock "0:00:35"]

1. d4 c5 2. d5 e5 3. e4 d6 4. Nf3 Be7 5. Be2 a6 6. a4 Bg4 7. O-O Bxf3 8. Bxf3 Bg5 9. Nd2 Bxd2 10. Bxd2 Ne7 11. g3 O-O 12. Bg2 Nd7 13. a5 f5 14. exf5 Nxf5 15. f4 Qe7 16. fxe5 Nxe5 17. Bh3 Nd4 18. Bf4 g5 19. Bxe5 Qxe5 20. c3 Nf5 21. Bxf5 Rxf5 22. Qd3 Raf8 23. Rxf5 Rxf5 24. Rf1 Rxf1+ 25. Kxf1 Kg7 26. Kf2 h5 27. b3 Kf6 28. Qf3+ Kg6 29. Qd3+ Kh6 30. Qf3 Kg7 31. Qd3 h4 32. Qf3 hxg3+ 33. hxg3 Kh6 34. Qd3 Kh5 35. Qf3+ g4 36. Qf7+ Kg5 37. Qg8+ Kf5 38. Qh7+ Kf6 39. Qxb7 Qxc3 40. Qc6 Qf3+ 41. Ke1 Qxg3+ 42. Kd2 Qf4+ 43. Kd1 g3 44. Qc8 Ke5 45. Qe8+ Kxd5 46. Qa8+ Kd4 47. Qh8+ Kd3 48. Qh7+ Ke3 49. Qe7+ Kf2 50. Qe2+ Kg1 51. Kc2 Qf2 0-1


[Site "https://www.chess.com"]

[Event "Titled Tuesday Blitz May 10 Early 2022"]
[White "Trimitzios, Petros"]
[Black "Carlsen, Magnus"]
[WhiteFideId "25808796"]
[BlackFideId "1503014"]
[WhiteElo "2049"]
[BlackElo "2832"]
[Result "0-1"]
[Round "03"]
[TimeControl "180+1"]
[Date "2022.05.10"]
[WhiteClock "0:00:02"]
[BlackClock "0:01:36"]

1. Nf3 b6 2. e4 Bb7 3. Bc4 e6 4. Nc3 Nf6 5. Qe2 d5 6. exd5 Nxd5 7. Nxd5 Bxd5 8. Bxd5 Qxd5 9. d4 Be7 10. O-O O-O 11. c4 Qf5 12. Be3 Bf6 13. Rfd1 Rd8 14. Rac1 Nc6 15. b3 h6 16. Rd2 Rd7 17. Rcd1 Rad8 18. h3 Qe4 19. Kf1 a5 20. a3 Be7 21. Ra1 f5 22. Qd3 Qxd3+ 23. Rxd3 e5 24. Rdd1 e4 25. Ne1 Nxd4 26. Bxd4 Rxd4 27. Rxd4 Rxd4 28. Ke2 Bg5 29. Rd1 Rxd1 30. Kxd1 Be7 31. Nc2 Kf7 32. Ke2 Kf6 33. f3 Ke5 34. g3 g5 35. b4 a4 36. Ne3 c6 37. Nc2 f4 38. g4 exf3+ 39. Kxf3 b5 40. c5 Bf6 41. Ne1 Kd4 42. Ng2 Kd3 43. Ne1+ Kd2 44. Ng2 Bb2 0-1


[Site "https://www.chess.com"]

[Event "Titled Tuesday Blitz May 10 Early 2022"]
[White "Tymrakiewicz, Rafal"]
[Black "Le, Tuan Minh"]
[WhiteFideId "1108832"]
[BlackFideId "12401153"]
[WhiteElo "2205"]
[BlackElo "2450"]
[Result "0-1"]
[Round "03"]
[TimeControl "180+1"]
[Date "2022.05.10"]
[WhiteClock "0:00:01"]
[BlackClock "0:00:06"]

1. e4 c5 2. c3 Nf6 3. e5 Nd5 4. Nf3 Nc6 5. Na3 d6 6. exd6 exd6 7. d4 cxd4 8. cxd4 Be7 9. Be2 O-O 10. O-O Re8 11. Re1 Bf6 12. Nb5 a6 13. Nc3 Nxc3 14. bxc3 d5 15. Bf4 Qa5 16. Qb3 h6 17. Bd3 Be6 18. Ne5 Bxe5 19. Bxe5 Rac8 20. Bf4 b5 21. Rac1 Qb6 22. Qa3 b4 23. Qb2 a5 24. cxb4 axb4 25. Be3 Na5 26. Rb1 Rb8 27. Qe2 Qc6 28. Qh5 Bd7 29. Bf4 Rbc8 30. g4 Rxe1+ 31. Rxe1 Qc3 32. Re3 Qxd4 33. Be5 Qxg4+ 34. Qxg4 Bxg4 35. Rg3 f5 36. h3 Rc1+ 37. Kg2 Bh5 38. Rxg7+ Kf8 39. Ra7 Nc6 40. Bd6+ Ke8 41. Bb5 Kd8 42. Bc7+ Kc8 43. Ba6+ Kd7 44. Bf4+ Nxa7 45. Bxc1 Bf7 46. Bxh6 d4 47. Bg7 Nc6 48. Bb5 Bxa2 49. Bxd4 Kd6 0-1


[Site "https://www.chess.com"]

[Event "Titled Tuesday Blitz May 10 Early 2022"]
[White "Van den Dikkenberg, Erik"]
[Black "Richter, Nils"]
[WhiteFideId "1005880"]
[BlackFideId "12990809"]
[WhiteElo "2118"]
[BlackElo "2243"]
[Result "0-1"]
[Round "03"]
[TimeControl "180+1"]
[Date "2022.05.11"]
[WhiteClock "0:00:09"]
[BlackClock "0:00:39"]

1. e4 c5 2. Nc3 Nc6 3. f4 e6 4. Nf3 d5 5. Bb5 d4 6. Bxc6+ bxc6 7. Ne2 Nf6 8. d3 Be7 9. O-O a5 10. a4 c4 11. Kh1 cxd3 12. cxd3 c5 13. b3 O-O 14. Ba3 Ba6 15. Qc2 Rb8 16. Rab1 c4 17. Bxe7 cxd3 18. Bxd8 dxc2 19. Rbe1 Rfxd8 20. Nfxd4 Rbc8 21. e5 Ng4 22. Nb5 Bxb5 23. axb5 Ne3 24. Rg1 Rd1 25. Nc1 Rcd8 26. g3 Rxe1 27. Rxe1 Rd1 0-1


[Site "https://www.chess.com"]

[Event "Titled Tuesday Blitz May 10 Early 2022"]
[White "Visakh N R"]
[Black "Rozman, Levy"]
[WhiteFideId "25012223"]
[BlackFideId "2039877"]
[WhiteElo "2448"]
[BlackElo "2376"]
[Result "1-0"]
[Round "03"]
[TimeControl "180+1"]
[Date "2022.05.10"]
[WhiteClock "0:00:06"]
[BlackClock "0:00:01"]

1. e4 d5 2. exd5 Nf6 3. c4 e6 4. dxe6 Bxe6 5. Nf3 Qe7 6. Be2 Bxc4 7. d3 Bd5 8. O-O Nc6 9. Nc3 O-O-O 10. Bg5 h6 11. Bh4 g5 12. Bg3 Nh5 13. Re1 Nxg3 14. hxg3 Bg7 15. Nxd5 Rxd5 16. Nd2 Qd7 17. Nc4 Nd4 18. Bf1 h5 19. Rc1 h4 20. gxh4 Rxh4 21. g3 Rh8 22. Bg2 g4 23. Ne3 Rg5 24. Rc4 c6 25. Nc2 Nf3+ 26. Bxf3 gxf3 27. Qxf3 Rgh5 28. Rce4 Rh1+ 29. Qxh1 Rxh1+ 30. Kxh1 Qxd3 31. Re8+ Kc7 32. Ne3 Bd4 33. Kg1 a5 34. Rd1 Qe2 35. Rxd4 Qe1+ 36. Kg2 Qb1 37. Rd2 Kb6 38. Nc4+ Ka7 39. Nxa5 1-0


[Site "https://www.chess.com"]

[Event "Titled Tuesday Blitz May 10 Early 2022"]
[White "Vlassov, Nikolai"]
[Black "Kashefi, Amir Hosein"]
[WhiteFideId "4103360"]
[BlackFideId "12557935"]
[WhiteElo "2407"]
[BlackElo "2005"]
[Result "0-1"]
[Round "03"]
[TimeControl "180+1"]
[Date "2022.05.11"]
[WhiteClock "0:00:03"]
[BlackClock "0:00:53"]

1. e4 c5 2. c3 g6 3. d4 cxd4 4. cxd4 d5 5. e5 Nc6 6. Nc3 Nh6 7. Bf4 Nf5 8. Nf3 h5 9. Qd2 e6 10. O-O-O Bd7 11. Kb1 Rc8 12. Bg5 Qa5 13. Bf6 Rg8 14. a3 Bh6 15. Qd3 a6 16. h3 Na7 17. g4 Ne7 18. Rg1 hxg4 19. hxg4 Nb5 20. Na2 Qa4 21. Be2 Nc6 22. Rh1 Bf8 23. Rc1 Nca7 24. Rxc8+ Nxc8 25. Rc1 Nb6 26. Bd1 Qa5 27. a4 Nxa4 28. Qd2 Qxd2 29. Nxd2 Nb6 30. Nb3 Bc6 31. Nc3 Nxc3+ 32. bxc3 Nc4 33. Be2 Be7 34. g5 Bxf6 35. gxf6 Rh8 36. Bxc4 dxc4 37. Na5 Bd5 38. Rg1 Rh3 39. Kc2 Rf3 0-1


[Site "https://www.chess.com"]

[Event "Titled Tuesday Blitz May 10 Early 2022"]
[White "Vovk, Orest"]
[Black "Ovezdurdyyeva, Jemal"]
[WhiteFideId "14113490"]
[BlackFideId "14001888"]
[WhiteElo "2203"]
[BlackElo "1946"]
[Result "1-0"]
[Round "03"]
[TimeControl "180+1"]
[Date "2022.05.11"]
[WhiteClock "0:00:59"]
[BlackClock "0:00:20"]

1. h4 Nf6 2. h5 h6 3. Nc3 d5 4. e4 dxe4 5. Qe2 Qd4 6. Rh4 c6 7. Nxe4 Nxe4 8. Rxe4 Qc5 9. d4 Qa5+ 10. Bd2 Qb6 11. O-O-O Bf5 12. Re5 Be6 13. Rxe6 fxe6 14. Qxe6 c5 15. Qc8+ Qd8 16. Bb5+ Nc6 17. Bxc6+ bxc6 18. Qxc6+ Kf7 19. Nf3 Qc8 20. Ne5+ Kg8 21. d5 Qxc6 22. dxc6 g5 23. hxg6 Bg7 24. Bc3 Rc8 25. c7 Rxc7 26. Rd8+ Bf8 27. Nd7 1-0


[Site "https://www.chess.com"]

[Event "Titled Tuesday Blitz May 10 Early 2022"]
[White "Wagh Suyog"]
[Black "Sjoberg, Isak"]
[WhiteFideId "25071688"]
[BlackFideId "1521640"]
[WhiteElo "2181"]
[BlackElo "2037"]
[Result "1-0"]
[Round "03"]
[TimeControl "180+1"]
[Date "2022.05.11"]
[WhiteClock "0:00:09"]
[BlackClock "0:00:02"]

1. e4 e5 2. Nf3 Nc6 3. d4 exd4 4. Nxd4 Bc5 5. Nb3 Bb6 6. Nc3 Nf6 7. Bg5 h6 8. Bh4 g5 9. Bg3 d6 10. Bd3 h5 11. h4 Ng4 12. Qd2 a5 13. hxg5 a4 14. Nc1 a3 15. bxa3 Rxa3 16. Nb3 Be6 17. Nd5 Ba7 18. f3 Bxd5 19. exd5 Be3 20. Qe2 Rxb3 21. fxg4 O-O 22. dxc6 Rb4 23. Rxh5 Re8 24. Kd1 Bd4 25. Qd2 Ra4 26. c3 Be3 27. Bh7+ Kf8 28. Qd5 bxc6 29. Qf5 Qe7 30. g6 Bd4 31. Qxf7+ Qxf7 32. gxf7 Re3 33. Bc2 Rc4 34. cxd4 Rxd4+ 35. Kc1 Rxg3 36. Bb3 d5 37. Kb2 Rxg2+ 38. Kc3 Rdxg4 39. Rf1 R4g3+ 40. Kb4 Rg4+ 41. Ka5 Rg8 1-0


[Site "https://www.chess.com"]

[Event "Titled Tuesday Blitz May 10 Early 2022"]
[White "Wagner, Dennis"]
[Black "Lewicki, Miroslaw"]
[WhiteFideId "24650684"]
[BlackFideId "1113380"]
[WhiteElo "2355"]
[BlackElo "2283"]
[Result "0-1"]
[Round "03"]
[TimeControl "180+1"]
[Date "2022.05.11"]
[WhiteClock "0:00:02"]
[BlackClock "0:00:05"]

1. d4 Nf6 2. c4 e6 3. Nc3 d5 4. cxd5 exd5 5. Bg5 Nbd7 6. e3 Be7 7. Bd3 O-O 8. Nf3 b6 9. O-O Bb7 10. Rc1 h6 11. Bf4 c5 12. h3 Ne4 13. Bb1 Ndf6 14. Ne5 cxd4 15. exd4 Nxc3 16. Rxc3 Ne4 17. Bxe4 dxe4 18. Bxh6 gxh6 19. Rg3+ Kh8 20. Qh5 Bg5 21. Nxf7+ Rxf7 22. Qxf7 Bd5 23. Qf5 Qd6 24. h4 Rf8 25. Qg4 Rf4 26. Qc8+ Rf8 27. Qh3 Bf4 28. Ra3 e3 29. Rxe3 Bxe3 30. Qxe3 Qf4 31. Re1 Qxh4 32. Qe5+ Rf6 33. f3 Kh7 34. Qe7+ Bf7 35. Re6 Qxd4+ 36. Kh2 Qf4+ 37. g3 Rxe6 38. Qf8 Re2+ 39. Kh3 Qf5+ 40. Kh4 Rh2# 0-1


[Site "https://www.chess.com"]

[Event "Titled Tuesday Blitz May 10 Early 2022"]
[White "Winkels, Marcel"]
[Black "Fathy, Elameir"]
[WhiteFideId "1003887"]
[BlackFideId "10600396"]
[WhiteElo "1900"]
[BlackElo "2311"]
[Result "0-1"]
[Round "03"]
[TimeControl "180+1"]
[Date "2022.05.11"]
[WhiteClock "0:00:01"]
[BlackClock "0:00:02"]

1. d4 d5 2. Nc3 Nf6 3. Bf4 e6 4. e3 Bb4 5. Qd3 b6 6. a3 Ba6 7. Qd1 Bxc3+ 8. bxc3 Bxf1 9. Kxf1 O-O 10. Nf3 Nbd7 11. Ne5 Nxe5 12. Bxe5 Ne4 13. Qd3 f6 14. Bg3 c5 15. dxc5 bxc5 16. f3 c4 17. Qd4 e5 18. Qd1 Nxc3 19. Qe1 Nb5 20. a4 Nc7 21. h4 Qe8 22. h5 Rd8 23. Rb1 Qc6 24. Rh4 Rfe8 25. Rg4 h6 26. Rg6 d4 27. exd4 exd4 28. Qd2 Kh7 29. Bf4 c3 30. Qd3 Kh8 31. Bxh6 Ne6 32. Bc1 Nc5 33. Qf5 Qe6 34. Qxe6 Nxe6 35. Rb7 Rb8 36. Rxb8 Rxb8 37. Ke2 Rb1 38. Kd1 Nf4 39. Rg4 Nd5 40. Rxd4 Ne3+ 41. Ke2 Nxc2 42. Rd7 Kh7 43. Bf4 Re1+ 44. Kf2 Ra1 45. h6 Nb4 46. Rb7 Nd5 47. Rxg7+ Kh8 48. Be3 Ra2+ 49. Kg3 Nxe3 50. Kf4 Nd5+ 51. Kf5 c2 52. Kg6 Nf4+ 53. Kf7 c1=Q 54. Rg4 Qc7+ 0-1


[Site "https://www.chess.com"]

[Event "Titled Tuesday Blitz May 10 Early 2022"]
[White "Zanette, Edgard Vinicius"]
[Black "Gurevich, Dmitry"]
[WhiteFideId "2109263"]
[BlackFideId "2000407"]
[WhiteElo "2182"]
[BlackElo "2506"]
[Result "0-1"]
[Round "03"]
[TimeControl "180+1"]
[Date "2022.05.11"]
[WhiteClock "0:00:17"]
[BlackClock "0:00:48"]

1. e4 c5 2. Nc3 g6 3. g3 Bg7 4. Bg2 Nc6 5. d3 Rb8 6. f4 d6 7. Nf3 e6 8. O-O Nge7 9. Be3 Nd4 10. e5 dxe5 11. fxe5 Nec6 12. Ne4 Nxe5 13. Nxe5 Bxe5 14. Bg5 Qc7 15. Nf6+ Bxf6 16. Bxf6 Rg8 17. c3 Nf5 18. Qe2 Bd7 19. Be5 Qd8 20. Bxb8 Qxb8 21. Rae1 Qc7 22. Qe5 Qxe5 23. Rxe5 b6 24. g4 Nd6 25. Rd1 Ke7 26. d4 Nc4 27. Re2 Rc8 28. b3 Na3 29. d5 Nb5 30. Re3 Kf8 31. h3 h6 32. Rf1 Kg7 33. a4 Nc7 34. d6 Ne8 35. Rd1 g5 36. Red3 Nf6 37. c4 h5 38. gxh5 Nxh5 39. Bb7 Rd8 40. Kh2 Nf4 41. Rf3 Ng6 42. Rg1 f6 43. Ba6 Bc6 44. Rd3 Ne5 45. Rd2 Nf3+ 46. Kg3 Nxd2 0-1


[Site "https://www.chess.com"]

[Event "Titled Tuesday Blitz May 10 Early 2022"]
[White "Zemlyanskii, Ivan"]
[Black "Danaci, Ege"]
[WhiteFideId "24249971"]
[BlackFideId "34506748"]
[WhiteElo "1815"]
[BlackElo "1799"]
[Result "1-0"]
[Round "03"]
[TimeControl "180+1"]
[Date "2022.05.11"]
[WhiteClock "0:01:44"]
[BlackClock "0:01:53"]

1. d4 Nf6 2. c4 g6 3. Nc3 Bg7 4. e4 O-O 5. Nf3 d6 6. Be2 e5 7. O-O exd4 8. Nxd4 Re8 9. f3 Nc6 10. Be3 Nh5 11. f4 Nf6 12. Bf3 Bg4 13. Bxg4 Nxg4 14. Qxg4 Nxd4 15. Bf2 h5 16. Qd1 Nc6 17. f5 Bxc3 18. bxc3 Rxe4 19. fxg6 fxg6 20. Qd5+ 1-0


[Site "https://www.chess.com"]

[Event "Titled Tuesday Blitz May 10 Early 2022"]
[White "Zhao, Jun"]
[Black "Fier, Alexandr"]
[WhiteFideId "8602522"]
[BlackFideId "2107139"]
[WhiteElo "2547"]
[BlackElo "2571"]
[Result "0-1"]
[Round "03"]
[TimeControl "180+1"]
[Date "2022.05.10"]
[WhiteClock "0:00:01"]
[BlackClock "0:00:48"]

1. e4 c5 2. Nf3 d6 3. Bb5+ Bd7 4. c4 Bxb5 5. cxb5 Nd7 6. Nc3 Ngf6 7. O-O g6 8. d4 cxd4 9. Nxd4 Bg7 10. Be3 O-O 11. Qe2 Rc8 12. Rfd1 Nc5 13. f3 Nfd7 14. Bf2 Ne6 15. Nxe6 fxe6 16. Qc2 Qa5 17. Qb3 Kf7 18. Ne2 Nc5 19. Bxc5 Rxc5 20. Nf4 Re5 21. a4 Rc8 22. Nd3 Rg5 23. f4 Rh5 24. Kh1 Qb6 25. Rf1 d5 26. f5 gxf5 27. exf5 Rxf5 28. Rxf5+ exf5 29. Qxd5+ Qe6 30. Qxb7 Rd8 31. Qf3 Qe4 32. Nc5 Qxf3 33. gxf3 Bxb2 34. Rb1 Rd2 35. a5 Be5 36. b6 axb6 37. axb6 Rxh2+ 38. Kg1 Rc2 39. Nd3 Bb8 40. b7 Rc3 41. Nb4 Rxf3 42. Nc6 Bd6 43. Rd1 Rb3 0-1


[Site "https://www.chess.com"]

[Event "Titled Tuesday Blitz May 10 Early 2022"]
[White "Zherebtsova, Alexandra"]
[Black "Karolczuk, Iwo"]
[WhiteFideId "24129518"]
[BlackFideId "21816972"]
[WhiteElo "2025"]
[BlackElo "2258"]
[Result "1-0"]
[Round "03"]
[TimeControl "180+1"]
[Date "2022.05.11"]
[WhiteClock "0:01:14"]
[BlackClock "0:00:31"]

1. d4 Nf6 2. Nf3 g6 3. c4 Bg7 4. Nc3 O-O 5. e4 d6 6. h3 c5 7. d5 e6 8. Bd3 exd5 9. exd5 Re8+ 10. Be3 Nbd7 11. O-O a6 12. a4 Nh5 13. g4 Nhf6 14. Qd2 h5 15. Bg5 Qc7 16. Rae1 Rxe1 17. Rxe1 hxg4 18. hxg4 Nf8 19. Qf4 N6h7 20. Re7 1-0


[Site "https://www.chess.com"]

[Event "Titled Tuesday Blitz May 10 Early 2022"]
[White "parintele_chess"]
[Black "Moskvin, Anatoly"]
[BlackFideId "24199990"]
[WhiteElo "2205"]
[BlackElo "2079"]
[Result "1-0"]
[Round "03"]
[TimeControl "180+1"]
[Date "2022.05.11"]
[WhiteClock "0:00:08"]
[BlackClock "0:00:09"]

1. d4 d5 2. Bf4 Nc6 3. e3 f6 4. Nf3 Bg4 5. c4 e5 6. cxd5 Qxd5 7. Nc3 Bb4 8. dxe5 Qa5 9. Qb3 Bxf3 10. gxf3 fxe5 11. Bc4 O-O-O 12. Bg5 Nf6 13. Bxf6 gxf6 14. Ke2 Rhe8 15. Rad1 Nd4+ 16. exd4 exd4+ 17. Ne4 f5 18. Be6+ Kb8 19. Bxf5 Qxf5 20. Qxb4 Rxe4+ 21. fxe4 Qxe4+ 22. Kd2 c5 23. Qc4 Rf8 24. Rhf1 Rf3 25. Qg8+ Kc7 26. Rde1 Rd3+ 27. Kc1 Qf4+ 28. Kb1 Rd2 29. Re7+ Kb6 30. Qe6+ Ka5 31. Rc1 b6 32. Rxa7+ Kb5 33. Qc4+ Kc6 34. Qa4+ Kd6 35. Qd7+ Ke5 36. Re1+ Re2 37. Rxe2+ Kf6 38. Qf7+ Kg5 39. Qxf4+ Kxf4 40. Rxh7 d3 41. Rd2 Kf3 42. Rxd3+ Kxf2 43. Rd6 Ke2 44. Rxb6 c4 45. Rc6 Kd3 46. Rxc4 Kxc4 47. Rg7 1-0


[Site "https://www.chess.com"]

[Event "Titled Tuesday Blitz May 10 Early 2022"]
[White "talman67"]
[Black "Vusatiuk, Vladimir"]
[BlackFideId "14118610"]
[WhiteElo "2219"]
[BlackElo "2157"]
[Result "0-1"]
[Round "03"]
[TimeControl "180+1"]
[Date "2022.05.11"]
[WhiteClock "0:01:25"]
[BlackClock "0:00:35"]

1. e4 c5 2. Nf3 d6 3. d4 cxd4 4. Nxd4 Nf6 5. Nc3 Nc6 6. Bc4 Qb6 7. Bb3 Nxd4 8. Be3 e5 9. O-O Be7 10. a4 O-O 11. a5 Qc7 12. Bxd4 exd4 13. Qxd4 Be6 14. f4 Bxb3 15. cxb3 Qc5 16. Qxc5 dxc5 17. e5 Nd7 18. Rad1 Rfd8 19. Rd3 c4 20. bxc4 Nc5 21. Rxd8+ Rxd8 22. Nd5 Kf8 23. b4 Nd3 24. Rb1 Rc8 25. Rb3 Nc1 26. Rh3 h6 27. f5 Rxc4 28. f6 Bxb4 29. a6 bxa6 30. Rg3 Ne2+ 31. Kf1 Nxg3+ 32. hxg3 Bc3 33. Ne3 Re4 34. Nf5 gxf6 35. exf6 Re6 0-1


[Site "https://www.chess.com"]

[Event "Titled Tuesday Blitz May 10 Early 2022"]
[White "Golubova, Anna"]
[Black "Tristan, Leonardo"]
[WhiteFideId "24173606"]
[BlackFideId "113816"]
[WhiteElo "2083"]
[BlackElo "2404"]
[Result "0-1"]
[Round "04"]
[TimeControl "180+1"]
[Date "2022.05.11"]
[WhiteClock "0:00:07"]
[BlackClock "0:00:08"]

1. d4 d5 2. Bf4 Nf6 3. e3 e6 4. Nf3 Bd6 5. Bg3 O-O 6. Nbd2 c5 7. c3 Qc7 8. dxc5 Qxc5 9. Bd3 Nbd7 10. Qe2 Bxg3 11. hxg3 h6 12. Rd1 Re8 13. e4 dxe4 14. Nxe4 Nxe4 15. Bxe4 Nf6 16. O-O a5 17. Rfe1 a4 18. a3 Ra5 19. Bc2 Bd7 20. Ne5 Bb5 21. Qe3 Qxe3 22. Rxe3 Rc8 23. Nf3 Be8 24. Red3 Rd5 25. Rd4 b5 26. Rxd5 Nxd5 27. Nd4 Kf8 28. Kf1 g6 29. Be4 Nb6 30. Bd3 Rc5 31. Re1 Ke7 32. f4 Kd6 33. g4 Bd7 34. Kf2 Nc4 35. Re2 e5 36. fxe5+ Nxe5 37. Rd2 Nxg4+ 38. Kg3 Ne3 39. Nxb5+ Bxb5 40. Bxb5+ Kc7 41. Kf4 Nxg2+ 42. Rxg2 Rxb5 43. Ke4 f5+ 44. Kd4 g5 45. c4 Rb6 46. Rh2 Re6 47. Kd5 Kd7 48. c5 f4 49. Rd2 f3 50. Rc2 g4 51. c6+ Rxc6 52. Rxc6 f2 53. Rf6 g3 54. Rf7+ Ke8 55. Ke6 g2 56. Ra7 Kd8 57. Kd6 Kc8 58. Kc6 Kb8 59. Rb7+ Ka8 60. Rf7 f1=Q 0-1


[Site "https://www.chess.com"]